Map: Deathaura LE

Players

Massa

  • Race: Terran Terran
  • League: Platinum
  • Spawn Location: 5:00

qqq - Winner!

  • Race: Protoss Protoss
  • League: Platinum
  • Spawn Location: 11:00

VOD

Have the link to the VOD?

Description

Time

  • Played on: Dec. 29, 2020, 6:27 a.m.
  • Length: 26:23
Show
View Real Time Build Order
Export as new Build Order

Massa Terran 

Build Orders: 1/1/1 

Get SALT Encoding   

  12  0:05  SCV  
  13  0:14  Supply Depot  
  13  0:18  SCV  
  14  0:30  SCV  
  15  0:36  Barracks  
  15  0:43  SCV  
  15  0:47  Refinery  
  16  0:55  SCV  
  17  0:58  Refinery  
  17  1:07  SCV  
  18  1:19  SCV, Supply Depot  
  19  1:31  Orbital Command  
  19  1:43  Factory  
  19  1:49  Barracks Tech Lab  
  19  1:57  SCV  
  20  2:09  SCV  
  21  2:19  Barracks Reactor  
  21  2:21  SCV  
  22  2:28  Starport  
  22  2:33  SCV  
  22  2:36  Armory  
  23  2:45  SCV  
  24  2:54  Command Center  
  24  2:57  SCV  
  25  3:08  Barracks Tech Lab  
  25  3:13  Viking  
  29  3:21  Medivac  
  29  3:29  Supply Depot  
  29  3:32  Supply Depot  
  29  3:34  SCV  
  30  3:50  Thor  
  30  3:55  Supply Depot  
  36  4:01  SCV  
  37  4:05  Refinery  
  37  4:09  Viking  
  39  4:12  Refinery  
  39  4:13  SCV  
  39  4:16  Orbital Command  
  40  4:25  SCV  
  40  4:30  Smart Servos  
  41  4:35  Viking  
  41  4:37  SCV  
  44  4:51  SCV x2  
  46  5:03  SCV x2  
  48  5:12  Viking x2  
  52  5:22  Thor  
  52  5:24  SCV x2  
  60  5:36  SCV x2  
  60  5:42  Viking x2  
  66  5:48  SCV x2  
  66  6:32  Fusion Core  
  62  7:15  Thor  
  68  7:17  Viking  
  70  8:06  Starport  
  70  8:16  Command Center  
  70  8:22  Viking  
  70  8:25  Viking  
  70  8:41  Command Center  
  70  8:55  Command Center  
  70  9:03  Command Center x2  
  70  9:10  Command Center  
  70  9:17  Command Center  
  70  9:27  SCV x2, Viking x2, Thor  
  70  9:30  Command Center  
  80  9:39  SCV x2  
  82  9:48  Engineering Bay  
  82  9:51  Barracks Tech Lab, SCV x2  
  84  9:57  Viking  
  86  10:03  SCV x2  
  84  10:16  SCV x2, Orbital Command  
  84  10:18  Orbital Command  
  86  10:28  SCV x2  
  88  10:33  Viking x2  
  92  10:40  SCV x2  
  92  10:52  SCV x2  
  92  11:02  Orbital Command  
  92  11:03  Viking x2  
  96  11:04  Orbital Command  
  96  11:08  Planetary Fortress  
  96  11:09  Planetary Fortress  
  96  11:23  Thor  
  102  11:32  Corvid Reactor  
  102  11:45  Viking x3  
  108  11:57  Weapon Refit  
  108  12:06  Orbital Command, Thor  
  114  12:10  Planetary Fortress  
  114  12:15  Viking  
  116  12:51  Hyperflight Rotors  
  116  13:35  Missile Turret  
  116  13:37  Rapid Reignition System  
  116  13:42  Unknown  
  116  13:54  Missile Turret  
  116  14:02  Drilling Claws  
  116  14:14  Missile Turret  
  116  14:16  Factory  
  116  14:17  Factory x2  
  116  14:19  Factory  
  116  14:32  Raven  
  116  14:34  Advanced Ballistics, Missile Turret  
  118  14:52  Cloaking Field  
  118  14:55  Missile Turret  
  118  14:56  Factory  
  118  14:58  Factory  
  118  15:05  Refinery  
  118  15:06  Refinery, Factory Reactor x3  
  118  15:08  Factory Reactor  
  118  15:15  Raven, Missile Turret  
  118  15:17  Thor  
  126  15:35  Missile Turret  
  126  15:56  Missile Turret  
  126  15:58  Raven  
  126  16:00  Thor  
  126  16:03  Sensor Tower  
  120  16:18  Sensor Tower  
  90  16:36  Viking x2  
  94  16:41  Raven  
  94  16:43  Thor  
  102  17:06  Viking x2  
  106  17:24  Raven  
  106  17:26  Thor  
  114  17:36  Viking x2  
  118  17:59  Widow Mine x6  
  118  18:00  Widow Mine x2  
  134  18:06  Raven, Viking x2  
  134  18:08  Thor  
  146  18:20  Widow Mine  
  146  18:21  Widow Mine x7  
  142  18:42  Widow Mine x8  
  158  18:49  Raven  
  158  18:52  Widow Mine  
  162  19:03  Widow Mine x2  
  162  19:04  Widow Mine x6  
  178  19:13  Siege Tank  
  181  19:24  Widow Mine  
  181  19:25  Widow Mine x3  
  189  20:02  Widow Mine  
  189  20:03  Siege Tank  
  189  20:04  Widow Mine  
  189  20:06  Widow Mine  
  190  21:05  Widow Mine  
  190  21:09  Widow Mine  
  190  22:35  Widow Mine  
  190  22:36  Widow Mine x2  
  190  22:42  Widow Mine  
  190  22:46  Widow Mine x2  
  190  22:51  Widow Mine  
  190  23:12  Widow Mine x2  
  190  23:14  Widow Mine  
  190  23:19  Widow Mine  
  190  23:21  Siege Tank  
  163  23:57  Widow Mine  
  163  23:58  Widow Mine x8  
  173  24:19  Widow Mine x9  
  175  24:40  Widow Mine x3  
  175  24:41  Widow Mine x5  
  175  24:42  Widow Mine  
  183  25:01  Widow Mine  
  183  25:02  Widow Mine x2  
  189  25:36  Widow Mine  
  189  25:38  Widow Mine  
  189  25:41  Widow Mine  
  189  26:01  Widow Mine  
Show
View Real Time Build Order
Export as new Build Order

qqq Protoss - Winner!

Build Orders:  

Get SALT Encoding   

  12  0:03  Probe  
  13  0:24  Pylon  
  13  0:26  Assimilator  
  13  1:42  Gateway  
  13  1:45  Probe  
  13  1:47  Assimilator  
  14  1:54  Nexus  
  14  1:57  Probe  
  15  2:09  Probe (Chrono Boost)  
  16  2:20  Probe (Chrono Boost)  
  17  2:25  Probe (Chrono Boost)  
  18  2:32  Cybernetics Core  
  18  2:35  Probe  
  19  2:47  Probe (Chrono Boost)  
  20  2:57  Assimilator  
  21  2:58  Probe (Chrono Boost)  
  21  2:59  Assimilator  
  21  3:03  Probe (Chrono Boost)  
  22  3:07  Probe  
  22  3:12  Stargate  
  23  3:13  Probe  
  23  3:16  Pylon  
  23  3:19  Probe  
  25  3:26  Probe (Chrono Boost)  
  26  3:32  Probe (Chrono Boost)  
  27  3:38  Probe (Chrono Boost)  
  27  3:41  Stargate  
  29  3:42  Probe (Chrono Boost)  
  29  3:44  Probe (Chrono Boost)  
  29  3:46  Probe (Chrono Boost)  
  30  3:52  Probe  
  32  3:57  Probe  
  32  3:58  Fleet Beacon  
  33  4:04  Probe  
  35  4:10  Probe  
  35  4:14  Phoenix (Chrono Boost)  
  35  4:16  Probe  
  38  4:28  Void Ray (Chrono Boost)  
  38  4:33  Probe  
  38  4:34  Probe  
  44  4:43  Anion Pulse-Crystals  
  44  4:45  Probe  
  44  4:46  Probe  
  46  5:04  Pylon  
  46  5:05  Pylon x2  
  46  5:22  Tempest, Probe, Phoenix  
  46  5:23  Probe  
  55  5:30  Shield Battery  
  55  5:37  Flux Vanes  
  55  5:41  Pylon  
  54  5:43  Pylon  
  54  5:44  Pylon  
  54  5:49  Pylon  
  54  5:50  Pylon  
  54  5:51  Pylon  
  54  7:23  Void Ray (Chrono Boost)  
  54  7:24  Void Ray (Chrono Boost)  
  54  7:28  Robotics Facility  
  62  7:54  Void Ray  
  62  7:58  Carrier (Chrono Boost)  
  72  8:30  Observer  
  73  8:38  Void Ray (Chrono Boost)  
  77  8:53  Carrier (Chrono Boost)  
  83  9:08  Void Ray  
  82  9:45  Void Ray  
  82  9:49  Observer  
  87  10:10  Observer  
  88  10:32  Immortal  
  86  11:11  Immortal  
  85  13:40  Void Ray x2 (Chrono Boost)  
  93  14:10  Stargate x2  
  93  14:11  Void Ray x2 (Chrono Boost)  
  93  14:13  Stargate  
  101  14:46  Void Ray x2 (Chrono Boost)  
  109  15:17  Void Ray x2 (Chrono Boost)  
  117  15:22  Pylon  
  117  15:24  Pylon  
  117  15:26  Pylon  
  117  15:27  Pylon  
  117  15:28  Pylon  
  117  15:29  Pylon  
  117  15:31  Pylon  
  117  15:33  Pylon  
  117  15:34  Void Ray x2  
  117  15:35  Pylon  
  116  15:36  Void Ray  
  120  16:12  Void Ray  
  120  16:13  Void Ray  
  59  19:59  Observer (Chrono Boost)  
  46  20:05  Mothership (Chrono Boost)  
  46  20:13  Observer  
  28  20:16  Observer (Chrono Boost)  
  28  20:17  Tempest (Chrono Boost)  
  28  20:20  Void Ray x2 (Chrono Boost)  
  39  20:26  Tempest (Chrono Boost)  
  43  20:29  Tempest (Chrono Boost)  
  40  20:40  Shield Battery  
  40  20:44  Forge  
  40  20:47  Pylon  
  18  21:41  Pylon  
  18  21:43  Probe  
  15  21:55  Probe  
  16  22:01  Photon Cannon  
  16  22:05  Photon Cannon  
  16  22:07  Probe, Pylon  
  17  22:12  Photon Cannon  
  17  22:18  Observer  
  17  22:19  Probe  
  15  22:25  Tempest x5  
  40  22:32  Probe  
  40  22:39  Observer (Chrono Boost)  
  32  22:57  Photon Cannon  
  32  22:58  Observer (Chrono Boost)  
  33  23:04  Probe  
  33  23:08  Tempest x3  
  33  23:12  Observer  
  49  23:16  Probe  
  49  23:33  Observer  
  49  23:55  Observer  
  34  24:55  Pylon  
  34  25:08  Nexus  
  34  25:09  Observer  
  34  25:11  Pylon  
  35  25:14  Pylon  
  35  25:30  Observer  
  35  25:31  Photon Cannon  
  35  25:33  Photon Cannon  
  36  25:36  Photon Cannon  
  36  25:38  Photon Cannon  
Tags
 
Matchup
PvT
Opening
1/1/1
Replay Pack
Multiplayer
Spawn Locations
Cross Positions
Add a new tag
Caveats
  • Supply blocks, unpowered buildings, or Contaminate may cause inaccurate times.
  • Supply counts are checked every 10 seconds.